 Dungeon Crawl Stone Soup version 0.30.0-29-ga12c61a403 (webtiles) character file.

Game seed: 11629462447593327850

17003 AlmostDecent the Frost Mage (level 12, -5/94 HPs)
             Began as a Gnoll Ice Elementalist on June 8, 2023.
             Was a Believer of Ashenzari.
             Slain by a cyan ugly thing (16 damage)
             ... on level 10 of the Dungeon.
             The game lasted 00:49:13 (9725 turns).

AlmostDecent the Frost Mage (GnIE)                  Turns: 9725, Time: 00:49:14

Health: -5/94      AC:  8    Str:  7    XL:     12   Next: 43%
Magic:  5/26       EV: 16    Int: 18    God:    Ashenzari [**....]
Gold:   551        SH:  0    Dex: 15    Spells: 13/31 levels left

rFire   + . .        a - +7 scimitar "Prophetic Suspicion" {flame, Alch, Elem} (curse)
rCold   . . .        (no shield)
rNeg    . . .        N - +0 steam dragon scales
rPois   .            s - +0 helmet "Manifest Irritation" {Fort, Bglg} (curse)
rElec   .            (no cloak)
rCorr   .            (no gloves)
SInv    +            (no boots)
Will    .....        j - amulet "Overhang to Understand" {Regen+, Self, Elem} (curse)
Stlth   ++++         w - ring of protection from fire
HPRegen 1.15/turn    (no ring)
MPRegen 0.20/turn

%: no passive effects
@: freezing walls
A: fangs 1, strong nose, distributed training
a: Renounce Religion, Shatter the Chains


You were on level 10 of the Dungeon.
You worshipped Ashenzari.
Ashenzari was pleased with you.
You visited 2 branches of the dungeon, and saw 11 of its levels.
You also visited: Ossuary and Bailey.

You collected 551 gold pieces.

Inventory:

Hand Weapons
 a - the cursed +7 scimitar "Prophetic Suspicion" (weapon) {flame, Alch, Elem}
   (You took it off Erica on level 8 of the Dungeon)

   It has a curse which improves the following skills: Alchemy: Poison Magic and
   Transmutations.
   Elements:  Fire Magic, Ice Magic, Air Magic and Earth Magic.
 n - a +2 short sword of electrocution
 p - the +5 whip of the Extremes {holy, Will+}
   (You found it on level 2 of the Dungeon)

   Will:      It increases your willpower.
 z - a +3 spear of freezing
 R - a +4 scimitar of venom
 S - a +3 great sword
Armour
 s - the cursed +0 helmet "Manifest Irritation" (worn) {Fort, Bglg}
   (You took it off Robin on level 2 of the Dungeon)

   It has a curse which improves the following skills: Fortitude: Armour and
   Shields.
   Beguiling: Conjurations, Hexes and Translocations.
 N - +0 steam dragon scales (worn)
 O - +1 swamp dragon scales
Magical Staves
 b - a staff of earth
Jewellery
 j - the cursed amulet "Overhang to Understand" (around neck) {Regen+, Self, Elem}
   (You found it on level 1 of the Dungeon)

   [amulet of regeneration]

   Regen:     It increases your rate of health regeneration.
   It has a curse which improves the following skills: Introspection: Fighting
   and Spellcasting.
   Elements:  Fire Magic, Ice Magic, Air Magic and Earth Magic.
 w - a ring of protection from fire (left hand)
 J - an amulet of reflection
Wands
 q - a wand of charming (10)
 x - a wand of iceblast (13)
 D - a wand of light (12)
 L - a wand of flame (24)
 P - a wand of polymorph (4)
Scrolls
 c - 5 scrolls of teleportation
 d - a scroll of silence
 e - a scroll of brand weapon
 f - 2 scrolls of fog
 i - a scroll of noise
 m - 2 scrolls of magic mapping
 o - 3 scrolls of summoning
 t - 8 scrolls of identify
 y - a scroll of amnesia
 E - a scroll of blinking
 H - 2 scrolls of immolation
 I - a scroll of poison
Potions
 g - 7 potions of curing
 h - 3 potions of invisibility
 k - a potion of magic
 l - 3 potions of cancellation
 u - 3 potions of mutation
 v - 2 potions of lignification
 A - 2 potions of attraction
 B - 3 potions of heal wounds
 C - a potion of ambrosia
 F - 2 potions of might
 G - a potion of haste
 K - 2 potions of brilliance
 M - 2 potions of flight
 Q - a potion of berserk rage


   Skills:
 + Level 7.5(8.7) Fighting
 + Level 7.5 Short Blades
 + Level 7.5 Long Blades
 + Level 7.5 Axes
 + Level 7.5 Maces & Flails
 + Level 7.5 Polearms
 + Level 7.5 Staves
 + Level 7.5 Ranged Weapons
 + Level 7.5 Throwing
 + Level 7.5(8.7) Armour
 + Level 8.9 Dodging
 + Level 8.7 Stealth
 + Level 7.5(8.7) Shields
 + Level 7.5 Unarmed Combat
 + Level 9.1(10.3) Spellcasting
 + Level 6.3(7.4) Conjurations
 + Level 6.3(7.4) Hexes
 + Level 6.3 Summonings
 + Level 6.3 Necromancy
 + Level 6.3(7.4) Translocations
 + Level 6.3(7.4) Transmutations
 + Level 6.3(8.0) Fire Magic
 + Level 9.6(11.3) Ice Magic
 + Level 6.3(8.0) Air Magic
 + Level 6.3(8.0) Earth Magic
 + Level 6.3(7.4) Poison Magic
 + Level 8.3 Invocations
 + Level 7.5 Evocations


You had 13 spell levels left.
You knew the following spells:

 Your Spells              Type           Power      Damage    Failure   Level
a - Freeze                Ice            100%       1d10      1%          1
b - Frozen Ramparts       Ice            100%       1d16      1%          3
c - Ozocubu's Armour      Ice            50%        N/A       1%          3
d - Summon Ice Beast      Ice/Summ       41%        N/A       1%          4
e - Searing Ray           Conj           72%        2d7       1%          2
f - Freezing Cloud        Conj/Ice/Air   20%        6-21      5%          5

Your spell library contained the following spells:

 Spells                   Type           Power      Damage    Failure   Level
 Magic Dart               Conj           100%       1d8       1%          1
 Sting                    Tmut/Pois      100%       1d8       1%          1
 Cigotuvi's Dreadful Rot  Necr/Pois/Air  70%        N/A       1%          2
 Call Canine Familiar     Summ           31%        N/A       1%          3
 Ignite Poison            Fire/Tmut/Pois 36%        N/A       1%          3
 Portal Projectile        Hex/Tloc       72%        N/A       1%          3
 Tukima's Dance           Hex            36%        N/A       1%          3
 Fulminant Prism          Conj/Hex       18%        3d10      3%          4
 Leda's Liquefaction      Hex/Erth       18%        N/A       3%          4
 Passage of Golubria      Tloc           36%        N/A       3%          4
 Alistair's Intoxication  Tmut/Pois      24%        N/A       10%         5
 Yara's Violent Unravell  Hex/Tmut       18%        3d9       10%         5
 Summon Forest            Summ/Tloc      17%        N/A       13%         5
 Eringya's Noxious Bog    Tmut/Pois      18%        N/A       50%         6
 Summon Hydra             Summ           15%        N/A       99%         7


Dungeon Overview and Level Annotations

Branches:
Dungeon (10/15)            Temple (1/1) D:4            Lair (0/5) D:10
    Orc (0/2) D:9         Ossuary (visited)          Bailey (visited)

Altars:
Ashenzari
Cheibriados
Dithmenos
Elyvilon
Fedhas
Gozag
Hepliaklqana
Kikubaaqudgha
Makhleb
Nemelex Xobeh
Okawaru
Ru
Sif Muna
Trog
Uskayaw
Vehumet
Wu Jian
Xom
Yredelemnul
Zin
The Shining One

Annotations:
D:9 3 runed translucent doors, Gadrel's ghost, novice TeBe; wolfgangpup's ghost, novice GrGl


Innate Abilities, Weirdness & Mutations

You have very sharp teeth.
Your uncanny sense of smell can sniff out nearby items.
Your experience applies equally to all skills.


Message History

Press: ? - help, Dir - look around, f - activate The walls around you are covered in ice.
You feel sick.
The wall freezes the meliai.
You kill the meliai!
The meliai's shape twists and changes as it dies.
A cyan ugly thing comes into view.
Okay, then.
Press: ? - help, v - describe, . - travel
Here: a cyan ugly thing (wandering, hasn't noticed you)
The floor.
A cyan ugly thing is nearby!
Unknown command.
Casting: Frozen Ramparts (safe; 1% risk of failure)
Confirm with . or Enter, or press ? or * to list all spells.
Aiming: Freezing Cloud (dangerous; 5% risk of failure)
Press: ? - help, Dir - move target, p - cyan ugly thing The cyan ugly thing gurgles horribly!
You feel sick.
You are no longer poisoned.
The cyan ugly thing is engulfed in freezing vapours.
The cyan ugly thing is engulfed in freezing vapours.
The cyan ugly thing is engulfed in freezing vapours.
Casting: Freezing Cloud (dangerous; 5% risk of failure)
Confirm with . or Enter, or press ? or * to list all spells.
Aiming: Freezing Cloud (dangerous; 5% risk of failure)
Press: ? - help, Dir - move target That beam is likely to hit you.
Continue anyway?
Okay, then.
The cyan ugly thing is engulfed in freezing vapours.
The cyan ugly thing is engulfed in freezing vapours.
The frozen ramparts melt away.
Casting: Freezing Cloud (dangerous; 5% risk of failure)
Confirm with . or Enter, or press ? or * to list all spells.
Casting: Frozen Ramparts (safe; 1% risk of failure)
Press: ? - help, Dir - look around, f - activate The walls around you are covered in ice.
The wall freezes the cyan ugly thing!
The cyan ugly thing tentacle-slaps you!
* * * LOW HITPOINT WARNING * * *
The cyan ugly thing shocks you!
You die...

.# #..####.†.### 8.8#,
.# #...###...## #...## ,
.# #...###...##*8.°.8# *
.# #....###'####○○○..##
, *, .#
#..#.###.###8§§8.§8# , ∆
**#.....##.###§§§.~..#*
, ,....#.##.##8☼.§§§..8
,, ,
.....#..#.##=)8○8.8.○ *
,.........#.#@#######☼#○
,......... ##.u...○)§§#
*, , ...........
#...§☼.§..#
...........#.##..§##○.##
,#..##, ☼# , * ** ##..*,
*# * , ,, , #..., * ∆ *
,##... * , ...# , ∆


You could see a cyan ugly thing.

Vanquished Creatures
  5 two-headed ogres
  Erica (D:8)
  A skeletal warrior (D:9)
  A deep troll (D:10)
  Pikel (D:4)
  An ugly thing (D:10)
  A cyclops (D:9)
  Joseph (D:8)
  Maggie (D:8)
  An unseen horror (D:10)
  An efreet (D:10)
  A kobold demonologist (D:10)
  A freezing wraith (D:10)
  A troll (D:10)
  A meliai (shapeshifter) (D:10)
  Prince Ribbit (D:6)
  2 hornets
  A slime creature (D:10)
  Eustachio (D:6)
  6 spriggans (Bailey)
  3 wraiths
  4 wyverns
  A nameless horror (D:6)
  6 yaks (D:10)
  3 steam dragons
  An acid dragon (D:10)
  Duvessa (D:6)
  2 water moccasins (D:7)
  2 ogres (Bailey)
  A black bear (D:5)
  4 orc warriors
  A boggart (D:10)
  4 centaurs
  A phantom (D:5)
  A kobold brigand (D:8)
  2 bullfrogs (D:6)
  Blork the orc (D:6)
  A gnoll sergeant (D:10)
  A scorpion (D:5)
  10 wights
  13 killer bees
  3 electric eels (D:10)
  3 howler monkeys
  3 jellies
  2 orc priests (D:7)
  A hound (D:7)
  Jessica (D:2)
  3 gnoll boudas
  7 orc wizards
  An iguana (D:5)
  A sleepcap (D:6)
  Natasha (D:2)
  Robin (D:2)
  9 adders
  10 gnolls
  A shadow imp (D:3)
  3 adder zombies (Ossuary)
  3 worms
  2 dart slugs
  27 orcs
  A ball python (D:1)
  9 endoplasms
  5 giant cockroaches
  23 goblins
  11 hobgoblins
  12 jackals
  2 quokkas (D:1)
  2 ball python skeletons (Ossuary)
  A bat (D:3)
  3 frilled lizards (D:1)
  A hobgoblin zombie (Ossuary)
  14 kobolds
  An orc skeleton (Ossuary)
  2 orc zombies (Ossuary)
  6 rats
268 creatures vanquished.

Vanquished Creatures (collateral kills)
  Sigmund (D:6)
  3 spriggans (Bailey)
  4 ogres (Bailey)
  Dowan (D:6)
  2 gnolls
  An orc (D:3)
12 creatures vanquished.

Grand Total: 280 creatures vanquished

Notes
Turn   | Place    | Note
-------+----------+-------------------------------------------
     0 | D:1      | AlmostDecent the Gnoll Ice Elementalist began the quest for
                  | the Orb.
     0 | D:1      | Reached XP level 1. HP: 13/13 MP: 6/6
    52 | D:1      | Reached XP level 2. HP: 13/19 MP: 2/7
   386 | D:1      | Reached skill level 5 in Spellcasting
   386 | D:1      | Reached XP level 3. HP: 25/25 MP: 5/9
   487 | D:1      | Learned a level 3 spell: Frozen Ramparts
   491 | D:1      | Learned a level 3 spell: Ozocubu's Armour
   583 | D:1      | Reached skill level 1 in Invocations
  1021 | D:2      | Reached skill level 1 in Fighting
  1021 | D:2      | Reached skill level 1 in Short Blades
  1021 | D:2      | Reached skill level 1 in Long Blades
  1021 | D:2      | Reached skill level 1 in Axes
  1021 | D:2      | Reached skill level 1 in Maces & Flails
  1021 | D:2      | Reached skill level 1 in Polearms
  1021 | D:2      | Reached skill level 1 in Staves
  1021 | D:2      | Reached skill level 1 in Ranged Weapons
  1021 | D:2      | Reached skill level 1 in Throwing
  1021 | D:2      | Reached skill level 1 in Armour
  1021 | D:2      | Reached skill level 1 in Shields
  1021 | D:2      | Reached skill level 1 in Unarmed Combat
  1021 | D:2      | Reached skill level 1 in Evocations
  1214 | D:2      | Identified the +5 whip of the Extremes {holy, Will+}
  1287 | D:2      | Noticed Natasha
  1297 | D:2      | Killed Natasha
  1298 | D:2      | Reached skill level 1 in Conjurations
  1298 | D:2      | Reached skill level 1 in Hexes
  1298 | D:2      | Reached skill level 1 in Summonings
  1298 | D:2      | Reached skill level 1 in Necromancy
  1298 | D:2      | Reached skill level 1 in Translocations
  1298 | D:2      | Reached skill level 1 in Transmutations
  1298 | D:2      | Reached skill level 1 in Fire Magic
  1298 | D:2      | Reached skill level 1 in Air Magic
  1298 | D:2      | Reached skill level 1 in Earth Magic
  1298 | D:2      | Reached skill level 1 in Poison Magic
  1298 | D:2      | Reached XP level 4. HP: 21/32 MP: 7/11
  1391 | D:2      | Learned a level 4 spell: Summon Ice Beast
  1394 | D:2      | Learned a level 2 spell: Searing Ray
  1609 | D:2      | Noticed Robin
  1621 | D:2      | Killed Robin
  1627 | D:2      | Reached XP level 5. HP: 37/37 MP: 2/12
  1719 | D:2      | Got Umesam's Meditations on Modification
  1888 | D:2      | Noticed Jessica
  1902 | D:2      | Killed Jessica
  2640 | D:3      | Reached XP level 6. HP: 37/44 MP: 6/13
  3005 | D:4      | Found a staircase to the Ecumenical Temple.
  3014 | Temple   | Entered the Ecumenical Temple
  3083 | Temple   | Became a worshipper of Ashenzari the Shackled
  3218 | D:4      | Noticed Pikel
  3231 | D:4      | Killed Pikel
  3232 | D:4      | Reached skill level 5 in Dodging
  3232 | D:4      | Reached skill level 5 in Stealth
  3232 | D:4      | Reached XP level 7. HP: 34/51 MP: 9/15
  3956 | D:5      | Entered Level 5 of the Dungeon
  4091 | D:5      | Reached XP level 8. HP: 51/58 MP: 11/16
  4868 | D:6      | Noticed Sigmund
  4870 | D:6      | Noticed a nameless horror
  4876 | D:6      | Killed a nameless horror
  4877 | D:6      | Noticed Duvessa
  4878 | D:6      | Noticed Dowan
  4878 | D:6      | Killed Sigmund
  4890 | D:6      | Killed Duvessa
  4890 | D:6      | Killed Dowan
  5035 | D:6      | Reached * piety under Ashenzari
  5063 | D:6      | Noticed Eustachio
  5103 | D:6      | Killed Eustachio
  5104 | D:6      | Reached XP level 9. HP: 62/67 MP: 6/19
  5326 | D:6      | Noticed Prince Ribbit
  5332 | D:6      | Killed Prince Ribbit
  5436 | D:6      | Found a basalt altar of Yredelemnul.
  5470 | D:6      | Found a radiant altar of Vehumet.
  5470 | D:6      | Noticed Blork the orc
  5489 | D:6      | Killed Blork the orc
  5661 | D:6      | Found an ancient bone altar of Kikubaaqudgha.
  5764 | D:7      | Reached skill level 5 in Invocations
  5934 | D:7      | Found a shimmering blue altar of Sif Muna.
  6296 | D:8      | Noticed Erica
  6306 | D:8      | Killed Erica
  6307 | D:8      | Reached skill level 5 in Fighting
  6307 | D:8      | Reached skill level 5 in Short Blades
  6307 | D:8      | Reached skill level 5 in Long Blades
  6307 | D:8      | Reached skill level 5 in Axes
  6307 | D:8      | Reached skill level 5 in Maces & Flails
  6307 | D:8      | Reached skill level 5 in Polearms
  6307 | D:8      | Reached skill level 5 in Staves
  6307 | D:8      | Reached skill level 5 in Ranged Weapons
  6307 | D:8      | Reached skill level 5 in Throwing
  6307 | D:8      | Reached skill level 5 in Armour
  6307 | D:8      | Reached skill level 5 in Shields
  6307 | D:8      | Reached skill level 5 in Unarmed Combat
  6307 | D:8      | Reached skill level 5 in Evocations
  6307 | D:8      | Reached XP level 10. HP: 38/74 MP: 10/20
  6417 | D:8      | Found a sand-covered staircase.
  6475 | D:8      | Noticed Joseph
  6486 | D:8      | Killed Joseph
  6515 | Ossuary  | Entered an ossuary
  6909 | D:8      | Found a hazy altar of Hepliaklqana.
  6973 | D:8      | Found a flagged portal.
  7010 | Bailey   | Entered a bailey
  7096 | Bailey   | Noticed a two-headed ogre
  7143 | Bailey   | Killed a two-headed ogre
  7144 | Bailey   | Reached skill level 5 in Conjurations
  7144 | Bailey   | Reached skill level 5 in Hexes
  7144 | Bailey   | Reached skill level 5 in Summonings
  7144 | Bailey   | Reached skill level 5 in Necromancy
  7144 | Bailey   | Reached skill level 5 in Translocations
  7144 | Bailey   | Reached skill level 5 in Transmutations
  7144 | Bailey   | Reached skill level 5 in Fire Magic
  7144 | Bailey   | Reached skill level 5 in Air Magic
  7144 | Bailey   | Reached skill level 5 in Earth Magic
  7144 | Bailey   | Reached skill level 5 in Poison Magic
  7144 | Bailey   | Reached XP level 11. HP: 32/81 MP: 7/23
  7388 | D:8      | Noticed a two-headed ogre
  7396 | D:8      | Killed a two-headed ogre
  7404 | D:8      | Learned a level 5 spell: Freezing Cloud
  7851 | D:8      | Noticed Maggie
  7856 | D:8      | Killed Maggie
  8250 | D:9      | Paralysed by a hornet for 3 turns
  8265 | D:9      | Noticed a skeletal warrior
  8276 | D:9      | Killed a skeletal warrior
  8290 | D:9      | Noticed a two-headed ogre
  8302 | D:9      | Killed a two-headed ogre
  8328 | D:9      | Noticed a cyclops
  8482 | D:9      | Killed a cyclops
  8951 | D:9      | Found a staircase to the Orcish Mines.
  9122 | D:9      | Found a runed translucent gate.
  9122 | D:9      | Found a runed translucent gate.
  9122 | D:9      | Found a runed translucent gate.
  9124 | D:9      | Noticed wolfgangpup's ghost (novice GrGl)
  9124 | D:9      | Noticed Gadrel's ghost (novice TeBe)
  9124 | D:9      | Identified the ring "Fonlan Coni" {rPois Str+3}
  9259 | D:10     | Entered Level 10 of the Dungeon
  9261 | D:10     | Noticed a two-headed ogre
  9267 | D:10     | Killed a two-headed ogre
  9290 | D:10     | Found a staircase to the Lair.
  9312 | D:10     | Reached ** piety under Ashenzari
  9412 | D:10     | Reached XP level 12. HP: 92/93 MP: 16/25
  9602 | D:10     | Found a runed translucent door.
  9603 | D:10     | Found a runed translucent door.
  9604 | D:10     | Noticed a two-headed ogre
  9628 | D:10     | Found a runed translucent door.
  9638 | D:10     | Killed a two-headed ogre
  9711 | D:10     | Identified the ring of the Ancients {rPois rN++ Dex+6 SInv}
  9725 | D:10     | Slain by a cyan ugly thing

Illustrated notes

Levels and vault maps discovered:
D:1:      dpeg_arrival_rooms_c, layout_rooms
D:2:      layout_loops_corners, small_statue_intersection, uniq_natasha,
          uniq_jessica, uniq_robin
D:3:      layout_basic
D:4:      layout_loops_cross, temple_hall, uniq_pikel
D:5:      layout_basic, hangedman_decor_clover_reticule
D:6:      layout_cave_pools, kiku_gazebo_garden_becter,
          mainiacjoe_overflow_two_lobes, nicolae_water_bricks,
          serial_bayou_pond_d, uniq_prince_ribbit1, uniq_eustachio,
          uniq_duvessa, uniq_sigmund, uniq_blork_the_orc
D:7:      layout_rooms, old_standard_altar
D:8:      layout_basic, lemuel_round_altar,
          nicolae_ossuary_entry_false_entrances, enter_bailey_5,
          kennysheep_generic_room_4, uniq_maggie, uniq_erica, uniq_joseph
D:9:      layout_loops_ring, orc_0_dummy, gammafunk_ghost_cemetery, minmay_bent
D:10:     minmay_the_grid_triangle_9x9_rhombus_thin
          [minmay_the_grid_triangle_9x9_pentomino_pain,
          minmay_the_grid_triangle_9x9_prize_special,
          minmay_the_grid_triangle_9x9_fully_insulated_deathbox,
          minmay_the_grid_triangle_9x9_shrine], layout_basic,
          nicolae_qazlal_style_of_elements, serial_bayou, serial_bayou_pond_d,
          serial_bayou_pond_d, serial_bayou_pond_d, serial_bayou_lake_a
Temple:   nicolae_temple_x_marks_the_god

Skill      XL: |  1  2  3  4  5  6  7  8  9 10 11 12 |
---------------+-------------------------------------+-----
Spellcasting   | 5 6 7 8 9 |  9.1
Invocations    | 1 2 3 4 5 6 7 8 |  8.3
Fighting       | 1 2 3 4 5 6 7 |  7.5
Short Blades   | 1 2 3 4 5 6 7 |  7.5
Long Blades    | 1 2 3 4 5 6 7 |  7.5
Axes           | 1 2 3 4 5 6 7 |  7.5
Maces & Flails | 1 2 3 4 5 6 7 |  7.5
Polearms       | 1 2 3 4 5 6 7 |  7.5
Staves         | 1 2 3 4 5 6 7 |  7.5
Ranged Weapons | 1 2 3 4 5 6 7 |  7.5
Throwing       | 1 2 3 4 5 6 7 |  7.5
Armour         | 1 2 3 4 5 6 7 |  7.5
Shields        | 1 2 3 4 5 6 7 |  7.5
Unarmed Combat | 1 2 3 4 5 6 7 |  7.5
Evocations     | 1 2 3 4 5 6 7 |  7.5
Conjurations   | 1 2 3 4 5 6 |  6.3
Hexes          | 1 2 3 4 5 6 |  6.3
Summonings     | 1 2 3 4 5 6 |  6.3
Necromancy     | 1 2 3 4 5 6 |  6.3
Translocations | 1 2 3 4 5 6 |  6.3
Transmutations | 1 2 3 4 5 6 |  6.3
Fire Magic     | 1 2 3 4 5 6 |  6.3
Air Magic      | 1 2 3 4 5 6 |  6.3
Earth Magic    | 1 2 3 4 5 6 |  6.3
Poison Magic   | 1 2 3 4 5 6 |  6.3
Dodging        | 5 6 7 8 |  8.9
Stealth        | 5 6 7 8 |  8.7
Ice Magic      | 8 9 |  9.6

Action                     |  1- 3 |  4- 6 |  7- 9 | 10-12 || total
---------------------------+-------+-------+-------+-------++-------
  Melee: Unarmed           |    13 |       |       |       ||    13
         Bite              |     1 |     7 |    13 |    14 ||    35
         Short sword       |    16 |    60 |    95 |    10 ||   181
         Punch             |       |     1 |     4 |    12 ||    17
         Scimitar          |       |       |       |   163 ||   163
   Cast: Freeze            |    53 |    32 |    43 |     8 ||   136
         Frozen Ramparts   |     2 |     7 |    25 |    29 ||    63
         Searing Ray       |       |     4 |     2 |       ||     6
         Ozocubu's Armour  |       |     5 |     9 |     8 ||    22
         Summon Ice Beast  |       |     1 |     4 |     4 ||     9
         Freezing Cloud    |       |       |       |    31 ||    31
 Invoke: Curse Item        |       |       |     2 |     2 ||     4
         Shatter the Chain |       |       |     1 |       ||     1
    Use: Potion            |       |       |     3 |     5 ||     8
         Scroll            |       |       |       |     7 ||     7
   Stab: Sleeping          |       |     1 |       |    12 ||    13
 Armour: Robe              |     7 |    18 |    53 |       ||    78
         Steam dragon scal |       |       |     8 |    58 ||    66
  Dodge: Dodged            |    40 |    64 |   185 |   209 ||   498
